 Dungeon Crawl Stone Soup version 0.28-a0-1159-g27aa881441 (webtiles) character file.

Game seed: 15020828994614867359

1064 SensoryNuts the Poker (level 8, -1/65 HPs)
             Began as a Demonspawn Fighter on Dec 15, 2021.
             Was an Initiate of Gozag.
             Slain by a water moccasin (2 damage)
             ... on level 5 of the Dungeon.
             The game lasted 00:05:44 (5187 turns).

SensoryNuts the Poker (Demonspawn Fighter)          Turns: 5187, Time: 00:05:44

Health: -1/65      AC:  9    Str: 17 (18) XL:     8   Next: 6%
Magic:  8/8        EV: 10    Int: 11 (13) God:    Gozag
Gold:   301        SH:  4    Dex: 11 (12) Spells: 7/7 levels left

rFire   . . .      SeeInvis .   a - +0 trident
rCold   . . .      Faith    .   c - +0 buckler
rNeg    + . .      Spirit   .   b - +0 scale mail
rPois   .          Reflect  .   g - +1 hat
rElec   .          Harm     .   (no cloak)
rCorr   .          Rampage  .   (no gloves)
Will    .....                   e - +0 pair of boots
Stlth   ..........              (no amulet)
HPRegen 0.20/turn               k - ring of positive energy
MPRegen 0.11/turn               (no ring)

@: lethally poisoned (-1 -> -2)
A: claws 1, rugged brown scales 3, demonic magic 1, clever 1, deformed body
a: Renounce Religion, Potion Petition, Call Merchant, Bribe Branch


You were on level 5 of the Dungeon.
You worshipped Gozag.
Gozag was aware of your devotion.
You visited 1 branch of the dungeon, and saw 5 of its levels.

You collected 342 gold pieces.
You paid 41 gold pieces to Gozag.

Inventory:

Hand Weapons
 a - a +0 trident (weapon)
Armour
 b - a +0 scale mail (worn)
 c - a +0 buckler (worn)
 e - a +0 pair of boots (worn)
 g - a +1 hat (worn)
 s - a scarf of shadows
Jewellery
 k - a ring of positive energy (left claw)
 o - a ring of protection from fire
Scrolls
 d - a scroll of magic mapping {unknown}
 f - a scroll of holy word
 h - a scroll of torment {unknown}
 m - a scroll of enchant weapon {unknown}
 n - 2 scrolls of identify
 r - a scroll of amnesia {unknown}
Potions
 i - a potion of mutation
 l - a potion of brilliance
 q - a potion of flight


   Skills:
 + Level 4.7 Fighting
 + Level 5.8 Polearms
 + Level 5.1 Armour
 + Level 2.1 Dodging
 + Level 0.6 Stealth
 + Level 3.4 Shields


You had 7 spell levels left.
You didn't know any spells.
Your spell library contained the following spells:

 Spells                   Type           Power      Damage    Failure   Level
 Call Canine Familiar     Summ           0%         N/A       98%         3
 Ozocubu's Armour         Ice            0%         N/A       98%         3
 Portal Projectile        Hex/Tloc       0%         N/A       98%         3
 Cause Fear               Hex            0%         N/A       100%        4
 Leda's Liquefaction      Hex/Erth       0%         N/A       100%        4
 Metabolic Englaciation   Hex/Ice        0%         N/A       100%        5
 Simulacrum               Ice/Necr       0%         N/A       100%        6
 Dragon Form              Tmut           0%         N/A       100%        7
 Dragon's Call            Summ           0%         N/A       100%        9


Dungeon Overview and Level Annotations

Branches:
Dungeon (5/15)
 Temple: D:4-7

Altars:
Dithmenos
Gozag
Hepliaklqana
Nemelex Xobeh
Wu Jian

Shops:
D:3 [


Innate Abilities, Weirdness & Mutations

You have sharp fingernails.
You are completely covered in rugged brown scales. (AC +3, +7% HP)
Spells you cast may paralyse adjacent enemies.
Your mind is acute. (Int +2)
Armour fits poorly on your strangely shaped body.


Message History

You miss the water moccasin.
The water moccasin is heavily wounded.
You feel very sick.
The water moccasin bites you but does no damage.
You block the water moccasin's attack.
Unknown command.
It was a potion of mutation.
You feel extremely strange.
Your body twists and deforms.
You feel clever.
You feel sick. The water moccasin bites you.
* * * LOW HITPOINT WARNING * * *
Unknown command.
You closely miss the water moccasin.
The water moccasin is heavily wounded.
* * * LOW HITPOINT WARNING * * *
You feel sick.
The gnoll shouts!
The water moccasin bites you but does no damage.
The water moccasin barely misses you.
You closely miss the water moccasin.
The water moccasin is heavily wounded.
* * * LOW HITPOINT WARNING * * *
You feel sick.
The water moccasin bites you but does no damage.
You closely miss the water moccasin.
The water moccasin is heavily wounded.
* * * LOW HITPOINT WARNING * * *
You feel sick.
The water moccasin bites you but does no damage.
The water moccasin closely misses you.
You barely miss the water moccasin.
The water moccasin is heavily wounded.
* * * LOW HITPOINT WARNING * * *
You feel sick. You block the gnoll's attack.
The water moccasin bites you but does no damage.
You hit the water moccasin.
The water moccasin is severely wounded.
* * * LOW HITPOINT WARNING * * *
You feel sick. The water moccasin bites you.
You die...
Your body crumbles into a pile of gold.

[# #.......# #.#.##.# .#
#.###.#(# #...##.# .# #.......#
#..###.# ########.### #..###.#
...#####.######......#
......##.##......#######
.#.##.#..##.####.......#
.#.##.#.###.# #.......#
.#(.........# #@####..#
.####....#### #S##....##
.####....# #g##.#...##
.........# #.##......###
.#####...# #............ ##
#...# #.........####### ## #...#
#.#..#..........#
.#####...#######.#.....#.......#
.................#.##..#.......#


You could see a water moccasin and a gnoll.

Vanquished Creatures
  2 black bears (D:5)
  2 ogres
  2 phantoms (D:5)
  2 scorpions (D:5)
  A howler monkey (D:5)
  A hound (D:5)
  3 orc priests (D:4)
  2 jellies
  An iguana (D:4)
  Robin (D:2)
  3 gnolls (D:5)
  4 adders
  A worm (D:3)
  5 dart slugs
  10 orcs
  5 bats
  7 endoplasms
  4 giant cockroaches
  12 hobgoblins
  3 jackals (D:4)
  8 kobolds
  5 quokkas
  4 ball pythons
  6 frilled lizards
  16 goblins
  4 rats
114 creatures vanquished.

Notes
Turn   | Place    | Note
-------+----------+-------------------------------------------
     0 | D:1      | SensoryNuts the Demonspawn Fighter began the quest for the
                  | Orb.
     0 | D:1      | Reached XP level 1. HP: 18/18 MP: 1/1
   278 | D:1      | Gained mutation: You have sharp fingernails. [demonic
                  | ancestry]
   278 | D:1      | Reached XP level 2. HP: 24/24 MP: 2/2
  1128 | D:2      | Gained mutation: You are partially covered in rugged brown
                  | scales. (AC +1, +3% HP) [demonic ancestry]
  1128 | D:2      | Reached XP level 3. HP: 24/29 MP: 3/3
  1324 | D:2      | Found a faded altar of an unknown god.
  1468 | D:2      | Noticed Robin
  1483 | D:2      | Killed Robin
  1799 | D:2      | Gained mutation: Spells you cast may paralyse adjacent
                  | enemies. [demonic ancestry]
  1799 | D:2      | Reached XP level 4. HP: 11/36 MP: 4/4
  2375 | D:3      | Found an ornate altar of the Wu Jian Council.
  2651 | D:3      | Found Onutej's Antique Armour Shoppe.
  2850 | D:4      | Gained mutation: You are mostly covered in rugged brown
                  | scales. (AC +2, +5% HP) [demonic ancestry]
  2850 | D:4      | Reached XP level 5. HP: 33/43 MP: 5/5
  3048 | D:4      | Noticed an ogre
  3058 | D:4      | Killed an ogre
  3059 | D:4      | Reached XP level 6. HP: 39/50 MP: 6/6
  3411 | D:4      | Found an opulent altar of Gozag.
  3462 | D:4      | Found a sparkling altar of Nemelex Xobeh.
  3567 | D:4      | Became a worshipper of Gozag Ym Sagoz the Greedy
  3875 | D:5      | Entered Level 5 of the Dungeon
  3885 | D:5      | Reached skill level 1 in Dodging
  4049 | D:5      | Gained mutation: You are completely covered in rugged brown
                  | scales. (AC +3, +7% HP) [demonic ancestry]
  4049 | D:5      | Reached XP level 7. HP: 50/58 MP: 7/7
  4069 | D:5      | Reached skill level 5 in Polearms
  4625 | D:5      | Found a hazy altar of Hepliaklqana.
  5023 | D:5      | Reached skill level 5 in Armour
  5023 | D:5      | Reached XP level 8. HP: 63/65 MP: 8/8
  5131 | D:5      | Found a shadowy altar of Dithmenos.
  5182 | D:5      | Gained mutation: Armour fits poorly on your strangely
                  | shaped body. [potion of mutation]
  5182 | D:5      | Gained mutation: Your mind is acute. (Int +2) [potion of
                  | mutation]
  5184 | D:5      | HP: 3/65 [poisoned by a water moccasin]
  5187 | D:5      | HP: 1/65 [poisoned by a water moccasin]
  5187 | D:5      | Slain by a water moccasin

Illustrated notes

Levels and vault maps discovered:
D:1:      kilobyte_arrival_exit_the_forest, layout_loops_ring
D:2:      layout_loops_ring, ebering_ecumenical_altar_sacrificial, uniq_robin
D:3:      layout_loops_ring, nzn_wu_jian_contemplation, serial_shops, shop
D:4:      layout_basic, nemelex_diamond_rough_becter,
          mainiacjoe_overflow_small_starburst
D:5:      layout_loops_cross, kennysheep_mini, grunt_dithmenos_smoke

Skill      XL: |  1  2  3  4  5  6  7 |
---------------+----------------------+-----
Polearms       | 2 3 4 5 |  5.8
Armour         | 3 4 5 |  5.1
Shields        | 3 |  3.4
Fighting       | 4 |  4.7
Dodging        | 1 2 |  2.1
Stealth        | |  0.6

Action                   |  1- 3 |  4- 6 |  7- 9 || total
-------------------------+-------+-------+-------++-------
Melee: Trident           |   159 |   180 |   121 ||   460
  Use: Potion            |       |     9 |     6 ||    15
       Scroll            |       |     4 |     1 ||     5
Armor: Scale mail        |    50 |    75 |    58 ||   183
Dodge: Dodged            |    61 |    69 |    66 ||   196
Block: Buckler           |    24 |    27 |    31 ||    82

Table legend: (Time is in decaauts)
 A = Elapsed time spent in this place.
 B = Non-inter-level travel time spent in this place.
 C = Inter-level travel time spent in this place.
 D = Time resting spent in this place.
 E = Time spent auto-exploring this place.
 F = Levels seen in this place.
 G = Mean time per level.
                   A        B        C        D        E       F      G
               +--------+--------+--------+--------+--------+-----+--------+
         Total |   5217 |   5099 |    118 |      0 |   4193 |   5 | 1043.4 |
       Dungeon |   5217 |   5099 |    118 |      0 |   4193 |   5 | 1043.4 |
               +--------+--------+--------+--------+--------+-----+--------+

Top non-repeatable levels by time:
     D:5: 1298 daAuts
     D:2: 1250 daAuts
     D:4: 1053 daAuts
     D:1: 1029 daAuts
     D:3: 586 daAuts
